 Dungeon Crawl Stone Soup version 0.20-a0-270-g8e735b6 (webtiles) character file.

17895 Lochraine the Fighter (level 12, -1/80 HPs)
             Began as a Gargoyle Gladiator on Dec 9, 2016.
             Was the Champion of Okawaru.
             Slain by a guardian serpent (12 damage)
             ... on level 3 of the Abyss on Dec 10, 2016.
             The game lasted 00:38:49 (12891 turns).

Lochraine the Fighter (Gargoyle Gladiator)         Turns: 12891, Time: 00:38:50

Health: -1/80      AC: 27    Str: 23    XL:     12   Next: 52%
Magic:  15/15      EV: 10    Int:  9    God:    Okawaru [******]
Gold:   818        SH:  0    Dex: 13    Spells: 11/11 levels left

rFire  + . .     SeeInvis .     a - +2 quarterstaff (speed)
rCold  + . .     Gourm    .     w - +0 chain mail (curse)
rNeg   + . .     Faith    .     (shield currently unavailable)
rPois  ∞         Spirit   .     G - +2 helmet of an ossuary {rElec rPois rC+ Dex+2}
rElec  +         Reflect  .     (no cloak)
rCorr  .         Harm     .     p - +0 pair of gloves
MR     +....                    O - +0 pair of boots
Stlth  ..........               (no amulet)
                                y - ring of protection from magic
                                e - ring of protection from fire

@: flying, very slightly contaminated
A: negative energy resistance 1, electricity resistance, unbreathing,
petrification resistance, rot immunity, AC +8
a: Heroism, Finesse, Renounce Religion


You were on level 3 of the Abyss.
You worshipped Okawaru.
Okawaru was exalted by your worship.
You were very hungry.

You visited 2 branches of the dungeon, and saw 13 of its levels.
You visited the Abyss 1 time.

You collected 818 gold pieces.

Inventory:

Hand Weapons
 a - a +2 quarterstaff of speed (weapon)
 b - a +2 arbalest of flaming
 X - the +4 flail of Dithmenos's Generosity {holy, rPois Int+3 Stlth+}
   (You found it on level 1 of the Lair of Beasts)

   It has been blessed by the Shining One to cause great damage to the undead
   and demons.
   It affects your intelligence (+3).
   It protects you from poison.
   It makes you more stealthy.
Missiles
 K - 90 bolts
 M - 2 throwing nets (quivered)
Armour
 o - a +0 scale mail
 p - a +0 pair of gloves (worn)
 w - a cursed +0 chain mail (worn)
 G - the +2 helmet of an ossuary (worn) {rElec rPois rC+ Dex+2}
   (You found it on level 2 of the Lair of Beasts)

   It affects your dexterity (+2).
   It protects you from cold.
   It insulates you from electricity.
   It protects you from poison.
 O - a +0 pair of boots (worn)
Rods
 Q - a +2 lightning rod (12/12)
   (You took it off an orc warrior on level 8 of the Dungeon)
Jewellery
 e - a ring of protection from fire (left hand)
 q - an uncursed ring of flight
 y - a ring of protection from magic (right hand)
 T - an uncursed ring of fire
Wands
 D - a wand of digging (12/24)
 F - a wand of digging (19/24)
 I - a wand of slowing (40/48)
 R - a wand of polymorph (16/24)
 Y - a wand of flame (22/48)
Scrolls
 c - 3 scrolls of teleportation
 h - a scroll of fog
 i - 20 scrolls of identify
 j - 13 scrolls of remove curse
 k - 3 scrolls of enchant weapon
 l - 2 scrolls of enchant armour
 r - 2 scrolls of magic mapping
 t - 3 scrolls of amnesia
 x - 2 scrolls of blinking
 L - a scroll of vulnerability
 P - a scroll of acquirement {unknown}
Potions
 d - a potion of heal wounds {unknown}
 g - a potion of haste
 m - 2 potions of might
 n - a potion of brilliance
 s - 2 potions of flight
 u - 2 potions of curing
 v - 2 potions of degeneration {unknown}
 A - a potion of cure mutation {unknown}
 B - 2 potions of ambrosia {unknown}
 C - 2 potions of invisibility {unknown}
 E - a potion of experience {unknown}
 J - a potion of mutation {unknown}
 V - a potion of berserk rage {unknown}
Miscellaneous
 S - a fan of gales
 U - a phantom mirror
Comestibles
 f - 14 bread rations
 z - a fruit
 H - 10 beef jerkies
 N - 4 meat rations


   Skills:
 + Level 11.4 Fighting
 + Level 10.7 Staves
 + Level 8.1 Crossbows
 - Level 1.7 Throwing
 + Level 11.0 Armour
 - Level 3.1 Dodging
 - Level 5.3 Invocations


You had 11 spell levels left.
You didn't know any spells.

Dungeon Overview and Level Annotations

Branches:
Dungeon (10/15)            Temple (0/1) D:4            Lair (3/6) D:9
 Shoals (0/4) Lair:3       Spider (0/4) Lair:3
    Orc: D:9-12

Altars:
Hepliaklqana
Makhleb
Okawaru
Ru
Yredelemnul
The Shining One

Shops:
D:9 =

Annotations:
D:10 TotoDurand's ghost, novice HEFE
Lair:3 Sonja


Innate Abilities, Weirdness & Mutations

You are resistant to torment.
Your stone body is resilient. (AC +8)
You are immune to poison.
You resist negative energy. (rN+)
You are resistant to electric shocks. (rElec)
You can survive without breathing.
You are immune to petrification.
You are immune to rotting.


Message History

The salamander hits you but does no damage.
The large abomination hits you but does no damage.
Blink to where?
Press: ? - help, Dir - move target cursor You are very lightly contaminated with residual magic.
As you read the scroll of blinking, it crumbles to dust.
A guardian serpent comes into view.
The guardian serpent shouts!
Found a pair of boots.
It was a potion of curing.
You feel better. The guardian serpent hits you!
* * * LOW HITPOINT WARNING * * *
The guardian serpent hits you but does no damage.
The guardian serpent closely misses you.
The guardian serpent hits you!
* * * LOW HITPOINT WARNING * * *
There is a gateway leading deeper into the Abyss here.
You are feeling very hungry.
The guardian serpent hits you!
You die...

....# ......##
..##..#.#.....##
###...........#...
#≈≈....X.........#
#.≈....N#####......
###.....# .#....
#≈≈.....## # . .
..#≈#..S...##.. ..
#.≈≈..@....... .
.≈#........[...
#.##..........
.......#....#..
.#.##.. ..##.## #
..# ... ... ..#
...# ## ... #...


You could see a salamander, a large abomination and a guardian serpent.

Vanquished Creatures
  A hydra (Lair:1)
  A queen ant (Lair:2)
  Pikel (D:8)
  3 hill giants (D:10)
  An ugly thing (D:10)
  2 black mambas
  3 merfolk sirens (Lair:3)
  A gargoyle (D:10)
  4 spiny frogs
  A komodo dragon (Lair:1)
  An ancient zyme (Abyss:3)
  A merfolk (Lair:3)
  A troll (D:10)
  Prince Ribbit (D:7)
  2 raiju
  A hippogriff (D:10)
  A blink frog (Lair:3)
  7 yaks
  A wyvern (Lair:2)
  2 basilisks
  Eustachio (D:4)
  A neqoxec (Abyss:1)
  4 soldier ants (Lair:2)
  3 water moccasins
  4 porcupines
  3 orc warriors
  2 black bears
  2 slaves
  A small abomination (Abyss:1)
  2 sky beasts
  6 phantoms
  4 ogres
  3 centaurs
  8 crocodiles
  5 big kobolds
  Blork the orc (D:6)
  13 bullfrogs
  4 scorpions
  7 killer bees
  5 wights (D:8)
  5 crimson imps
  4 hounds
  A bullfrog skeleton (D:5)
  A centaur skeleton (D:4)
  3 jellies
  4 orc priests (D:8)
  Terence (D:2)
  12 orc wizards
  An iguana (D:8)
  36 worker ants
  A hound zombie (D:10)
  Robin (D:4)
  11 gnolls
  15 adders
  An ooze (D:5)
  An adder skeleton (D:4)
  A worm (Lair:3)
  5 dart slugs
  4 leopard geckos
  31 orcs
  5 giant cockroaches
  39 goblins
  36 hobgoblins
  21 kobolds
  7 quokkas
  A ball python (D:3)
  14 bats
  A frilled lizard (D:4)
  2 goblin skeletons (D:9)
  5 hobgoblin zombies (D:9)
  A kobold skeleton (D:9)
  2 kobold zombies (D:9)
  A leopard gecko skeleton (D:5)
  A leopard gecko zombie (D:7)
  An orc skeleton (D:9)
  2 orc zombies (D:9)
  2 quokka skeletons (D:6)
  8 rats
403 creatures vanquished.

Vanquished Creatures (others)
  A slave (D:8)
  A bullfrog (D:8)
  A quasit (D:8)
  A kobold (D:8)
  A fungus (Lair:2)
  A lurking horror (Abyss:3)
  A plant (Lair:3)
  31 starspawn tentacles (Abyss:1)
38 creatures vanquished.

Grand Total: 441 creatures vanquished

Notes
Turn   | Place    | Note
-------+----------+-------------------------------------------
     0 | D:1      | Lochraine the Gargoyle Gladiator began the quest for the Orb.
     0 | D:1      | Reached XP level 1. HP: 12/12 MP: 1/1
    47 | D:1      | Reached XP level 2. HP: 14/18 MP: 2/2
   177 | D:1      | Reached skill level 1 in Armour
   392 | D:1      | Reached XP level 3. HP: 22/22 MP: 3/3
   757 | D:2      | Reached XP level 4. HP: 28/28 MP: 4/4
   768 | D:2      | Found a basalt altar of Yredelemnul.
   792 | D:2      | Noticed Terence
   806 | D:2      | Killed Terence
  1103 | D:3      | Reached XP level 5. HP: 32/32 MP: 5/5
  1566 | D:3      | Found an iron altar of Okawaru.
  1577 | D:3      | Became a worshipper of Warmaster Okawaru
  1733 | D:4      | Noticed Eustachio
  1759 | D:4      | Killed Eustachio
  1759 | D:4      | Reached * piety under Okawaru
  1759 | D:4      | Reached XP level 6. HP: 29/39 MP: 6/6
  1941 | D:4      | Reached XP level 7. HP: 39/44 MP: 7/7
  2170 | D:4      | Reached skill level 5 in Fighting
  2204 | D:4      | Noticed Robin
  2234 | D:4      | Killed Robin
  2523 | D:4      | Reached skill level 5 in Staves
  2523 | D:4      | Reached skill level 1 in Invocations
  2634 | D:4      | Found a staircase to the Ecumenical Temple.
  2902 | D:5      | Entered Level 5 of the Dungeon
  2976 | D:5      | Reached ** piety under Okawaru
  3140 | D:5      | Reached XP level 8. HP: 49/51 MP: 9/9
  3854 | D:5      | Reached skill level 5 in Armour
  4760 | D:6      | Noticed Blork the orc
  4785 | D:6      | Killed Blork the orc
  4939 | D:6      | Reached XP level 9. HP: 55/56 MP: 12/12
  5065 | D:6      | Reached *** piety under Okawaru
  5179 | D:6      | Found a sacrificial altar of Ru.
  5196 | D:6      | Reached skill level 5 in Invocations
  5733 | D:6      | Found a glowing golden altar of the Shining One.
  5740 | D:6      | Found a hazy altar of Hepliaklqana.
  5742 | D:6      | Found a burning altar of Makhleb.
  5779 | D:7      | Noticed Prince Ribbit
  5959 | D:7      | Reached skill level 1 in Crossbows
  6000 | D:7      | Killed Prince Ribbit
  6000 | D:7      | Reached **** piety under Okawaru
  6483 | D:8      | Noticed Pikel
  6701 | D:8      | Reached XP level 10. HP: 44/64 MP: 13/13
  6988 | D:8      | Killed Pikel
  6988 | D:8      | Reached ***** piety under Okawaru
  7817 | D:9      | Found Gaarrij's Jewellery Emporium.
  7887 | D:9      | Found a glowing golden altar of the Shining One.
  7926 | D:9      | Found a staircase to the Lair.
  8160 | D:10     | Entered Level 10 of the Dungeon
  8273 | D:10     | Noticed a hill giant
  8289 | D:10     | Killed a hill giant
  8333 | D:10     | Noticed a purple ugly thing
  8349 | D:10     | Killed a purple ugly thing
  8349 | D:10     | Received a gift from Okawaru
  8349 | D:10     | Reached skill level 5 in Crossbows
  8388 | D:10     | Noticed a hill giant
  8390 | D:10     | Killed a hill giant
  8390 | D:10     | Reached XP level 11. HP: 72/72 MP: 14/14
  8727 | D:10     | Noticed a hill giant
  8744 | D:10     | Killed a hill giant
  8792 | D:10     | Noticed TotoDurand's ghost (novice HEFE)
  9188 | Lair:1   | Entered Level 1 of the Lair of Beasts
  9194 | Lair:1   | Noticed a four-headed hydra
  9208 | Lair:1   | Killed a four-headed hydra
  9208 | Lair:1   | Reached skill level 10 in Fighting
  9375 | Lair:1   | Got a slimy flail
  9381 | Lair:1   | Identified the +4 flail of Dithmenos's Generosity {holy, rPois Int+3 Stlth+} (You found it on level 1 of the Lair of Beasts)
  9843 | Lair:1   | Reached ****** piety under Okawaru
  9871 | Lair:1   | Received a gift from Okawaru
 10157 | Lair:1   | Received a gift from Okawaru
 10445 | Lair:2   | Reached skill level 10 in Armour
 10551 | Lair:2   | Received a gift from Okawaru
 10774 | Lair:2   | Noticed a queen ant
 10800 | Lair:2   | Killed a queen ant
 10800 | Lair:2   | Reached skill level 10 in Staves
 10875 | Lair:2   | Reached XP level 12. HP: 76/79 MP: 15/15
 11186 | Lair:2   | Got a distressingly furry helmet
 11197 | Lair:2   | Identified the +2 helmet of an ossuary {rElec rPois rC+ Dex+2} (You found it on level 2 of the Lair of Beasts)
 11609 | Lair:3   | Received a gift from Okawaru
 11713 | Lair:3   | Found a staircase to the Shoals.
 11857 | Lair:3   | Received a gift from Okawaru
 11973 | Lair:3   | Noticed Sonja
 12048 | Lair:3   | Found a hole to the Spider Nest.
 12445 | Lair:3   | Cast into level 1 of the Abyss (Sonja)
 12466 | Abyss:1  | Noticed a tentacled starspawn
 12466 | Abyss:1  | Found a corrupted altar of Lugonu.
 12490 | Abyss:1  | Noticed a rakshasa
 12538 | Abyss:1  | Noticed a tentacled starspawn
 12582 | Abyss:1  | Noticed a tentacled starspawn
 12777 | Abyss:3  | Found a corrupted altar of Lugonu.
 12784 | Abyss:3  | Noticed a great orb of eyes
 12833 | Abyss:3  | Noticed a starcursed mass
 12891 | Abyss:3  | Slain by a guardian serpent

Vault maps used:
D:1:      dpeg_arrival_chase, minmay_heptomino_h4
D:2:      yredelemnul_altar_generic, uniq_terence
D:3:      okawaru_altar_gauntlet_db
D:4:      kennysheep_big_flooded_room, uniq_robin, uniq_eustachio
D:5:      minmay_goblin_kobold_castle, first_bread, roderic_lattice_a
D:6:      minitemple, nicolae_ru_great_annihilating_truth, uniq_blork_the_orc
D:7:      grunt_ogre_cave, uniq_prince_ribbit1
D:8:      nrook_mini_vaults, uniq_pikel
D:9:      lair_entry_dummy, serial_shops, kennysheep_mini_moat,
          nicolae_tso_besieged_by_evil, uniq_maurice
D:10:     special_room
Lair:1:   beast_lair_carwin_7
Lair:2:   zaba_antful_of_joy
Lair:3:   elwin_shoals_entry_stream, nicolae_spider_entry_non_spiders,
          nicolae_quartered_pool_little, uniq_sonja
Abyss:1:  hangedman_abyss_batty_box
Abyss:2:  hangedman_abyss_theft, serial_sigils_hangedman_gut

Skill      XL: |  1  2  3  4  5  6  7  8  9 10 11 12 |
---------------+-------------------------------------+-----
Armour         | 1 2 3 4 5 7 9 10 11 | 11.0
Fighting       | 3 4 5 6 8 9 10 11 | 11.4
Dodging        | 3 |  3.1
Staves         | 4 5 6 7 9 10 | 10.7
Invocations    | 2 4 5 |  5.3
Crossbows      | 2 5 7 8 |  8.1
Throwing       | |  1.7

Action                   |  1- 3 |  4- 6 |  7- 9 | 10-12 || total
-------------------------+-------+-------+-------+-------++-------
Melee: Quarterstaff      |   101 |    13 |       |   626 ||   740
       Flail             |       |   139 |   583 |    90 ||   812
       Whip              |       |       |       |   114 ||   114
       Punch             |       |       |       |     1 ||     1
 Fire: Hand crossbow     |       |       |    20 |     4 ||    24
       Arbalest          |       |       |       |    78 ||    78
Throw: Throwing net      |     2 |       |     4 |     5 ||    11
Invok: Heroism           |       |       |       |    11 ||    11
Evoke: Rod               |       |       |       |     4 ||     4
  Use: Scroll            |       |     4 |     4 |    10 ||    18
       Potion            |       |       |       |     3 ||     3
  Eat: Chunk             |       |     4 |    16 |    15 ||    35
       Royal jelly       |       |       |       |     2 ||     2
       Fruit             |       |       |       |     1 ||     1
Armor: Leather armour    |    44 |       |       |       ||    44
       Scale mail        |     4 |   112 |   440 |   131 ||   687
       Skin              |     2 |       |       |       ||     2
       Chain mail        |       |       |       |   282 ||   282
Dodge: Dodged            |    69 |   146 |   472 |   280 ||   967
